 Dungeon Crawl Stone Soup version 0.22-a0-109-gbeb7240 (console) character file.

24 toffzen the Gusty (level 3, -1/22 HPs)
             Began as a Kobold Wanderer on Jan 26, 2018.
             Slain by a kobold
             ... wielding a +0 whip
              (3 damage)
             ... on level 1 of the Dungeon.
             The game lasted 00:03:33 (1068 turns).

toffzen the Gusty (Kobold Wanderer)                 Turns: 1068, Time: 00:03:34

Health: -1/22      AC:  2    Str: 12    XL:     3   Next: 15%
Magic:  0/5        EV: 13    Int: 13    God:
Gold:   12         SH:  0    Dex: 12    Spells: 4/5 levels left

rFire    . . .     SeeInvis .   d - +0 club
rCold    . . .     Gourm    .   (shield restricted)
rNeg     . . .     Faith    .   c - +0 robe
rPois    .         Spirit   .   (no helmet)
rElec    .         Reflect  .   (no cloak)
rCorr    .         Harm     .   (no gloves)
MR       .....                  (no boots)
Stlth    ++........             (no amulet)
HPRegen  0.07/turn              (no ring)
MPRegen  0.09/turn              (no ring)

@: very slightly contaminated
A: small, carnivore
a: no special abilities


You were on level 1 of the Dungeon.
You were full.

You visited 1 branch of the dungeon, and saw 1 of its levels.

You collected 12 gold pieces.

Inventory:

Hand Weapons
 d - a +0 club (weapon)
Missiles
 e - 20 stones (quivered)
Armour
 c - a +0 robe (worn)
Books
 a - a book of Air

   Spells                             Type                      Level
   a - Shock                          Conjuration/Air              1
   b - Swiftness                      Charms/Air                   2
   c - Static Discharge               Conjuration/Air              3
   d - Airstrike                      Air                          4
   e - Lightning Bolt                 Conjuration/Air              5
 b - the Guide on Earth

   Spells                             Type                      Level
   a - Sandblast                      Earth                        1
   b - Stone Arrow                    Conjuration/Earth            3
Comestibles
 f - a ration


   Skills:
 + Level 2.6 Fighting
   Level 1.0 Staves
 - Level 1.1 Throwing
 + Level 2.2 Stealth
 + Level 1.6 Spellcasting
   Level 1.0 Fire Magic
 + Level 3.3 Air Magic


You had 4 spell levels left.
You knew the following spells:

 Your Spells              Type           Power        Failure   Level  Hunger
a - Shock                 Conj/Air       #...         13%         1    ##.....


Dungeon Overview and Level Annotations

Branches:
Dungeon (1/15)

Altars:


Innate Abilities, Weirdness & Mutations

You are small and have problems with some larger weapons.
You are carnivorous and can eat meat at any time.


Message History

You barely miss the kobold.
The kobold is heavily wounded.
The kobold barely misses you. The kobold completely misses you.
You hit the kobold but do no damage.
The kobold is heavily wounded.
The kobold hits you with a whip.
* * * LOW HITPOINT WARNING * * *
Casting: Shock (safe; 13% risk of failure)
Confirm with . or Enter, or press ? or * to list all spells.
Aiming: Shock (safe; 13% risk of failure)
Press: ? - help, Shift-Dir - straight line, f - kobold
Aim: a kobold, wielding a whip (heavily wounded)
The zap hits the kobold.
The kobold is severely wounded.
The kobold hits you with a whip.
* * * LOW HITPOINT WARNING * * *
You barely miss the kobold.
The kobold is severely wounded.
The kobold hits you with a whip.
You die...

###....# ## #.#
#.#.#.## ####.# .. #.##
#.#..#### #.# .# #..#
#.#.....## #.# †# ##.##
#.#####... #.##(#
#..###.# ###.
#..†.###.###.#.#.# ##
###......# #.#.#.#
#.########.#.#.########
#....K@......#.........
##########...#.########
#...#.....# #...#.###.#
#...#.# #.# #...#.# #.#
##..#.# #.# #....# #.#
#.>#.# #.#


You could see a kobold.

Vanquished Creatures
  A dart slug (D:1)
  2 leopard geckos (D:1)
  A ball python (D:1)
  A bat (D:1)
  A giant cockroach (D:1)
  3 goblins (D:1)
  4 hobgoblins (D:1)
  A kobold (D:1)
  A frilled lizard (D:1)
  3 rats (D:1)
18 creatures vanquished.

Notes
Turn   | Place    | Note
-------+----------+-------------------------------------------
     0 | D:1      | toffzen the Kobold Wanderer began the quest for the Orb.
     0 | D:1      | toffzen set off with: a book of Air, the Guide on Earth, a +0 robe, a +0 club, a ration
     0 | D:1      | Reached XP level 1. HP: 12/12 MP: 2/2
     0 | D:1      | Identified the Guide on Earth
     2 | D:1      | Learned a level 1 spell: Shock
    54 | D:1      | Reached XP level 2. HP: 11/18 MP: 0/4
   779 | D:1      | Reached XP level 3. HP: 6/22 MP: 0/5
  1068 | D:1      | Slain by a kobold

Vault maps used:
D:1:      dpeg_arrival_simpleton_a

Skill      XL: |  1  2 |
---------------+-------+-----
Stealth        | 2 |  2.2
Fighting       | |  2.6
Staves         | |  1.0
Throwing       | |  1.1
Spellcasting   | |  1.6
Fire Magic     | |  1.0
Air Magic      | |  3.3

Action                   || total
-------------------------++-------
Melee: Club              ||    48
 Cast: Shock             ||    38
  Eat: Chunk             ||     7
Armor: Robe              ||     5
Dodge: Dodged            ||    46

Table legend:
 A = Spawn XP
 B = Non-spawn XP
 C = Spawn XP percentage of total XP
 D = Spawn monster count
 E = Non-spawn monster count
 F = Spawn count percentage of total count
 G = Total turns spent on level
                    A         B        C        D         E        F      G
               +---------+---------+-------+---------+---------+-------+---------
         Total |       0 |      35 |   0.0 |       0 |      18 |   0.0 |  1068
               +---------+---------+-------+---------+---------+-------+---------
           D:1 |       0 |      35 |   0.0 |       0 |      18 |   0.0 |  1068
               +---------+---------+-------+---------+---------+-------+---------
